 Dungeon Crawl Stone Soup version 0.30.0-17-ge0270778cf (webtiles) character file.

Game seed: 11113500508694927308

477 zazu2006 the Thrower (level 7, -2/52 HPs)
             Began as a Gnoll Wanderer on May 21, 2023.
             Slain by Pikel
             ... wielding a +0 whip of freezing
              (3 damage)
             ... on level 4 of the Dungeon.
             The game lasted 00:06:28 (2845 turns).

zazu2006 the Thrower (Gnoll Wanderer)               Turns: 2845, Time: 00:06:29

Health: -2/52      AC:  5    Str: 13    XL:     7   Next: 11%
Magic:  10/10      EV: 11    Int: 12    God:
Gold:   188        SH:  0    Dex: 11    Spells: 10/10 levels left

rFire   . . .        v - +1 scythe (flame)
rCold   . . .        (shield currently unavailable)
rNeg    . . .        e - +0 leather armour
rPois   .            r - +0 helmet
rElec   .            (no cloak)
rCorr   .            m - +0 pair of gloves
SInv    .            (no boots)
Will    .....        (no amulet)
Stlth   ++           u - ring of flight
HPRegen 0.28/turn    (no ring)
MPRegen 0.12/turn

%: no passive effects
@: flying
A: fangs 1, strong nose, distributed training
a: no special abilities


You were on level 4 of the Dungeon.
You visited 1 branch of the dungeon, and saw 4 of its levels.

You collected 188 gold pieces.

Inventory:

Hand Weapons
 a - a +3 dagger
 v - a +1 scythe of flaming (weapon)
 E - a +0 falchion of electrocution
Missiles
 k - an atropa-tipped dart (quivered)
Armour
 e - a +0 leather armour (worn)
 m - a +0 pair of gloves (worn)
 r - a +0 helmet (worn)
 w - a +0 helmet
 x - a +0 cloak
Jewellery
 u - a ring of flight (left hand)
Wands
 t - a wand of roots (7)
Scrolls
 b - a scroll of enchant weapon {unknown}
 h - 6 scrolls of identify {unknown}
 i - a scroll of amnesia {unknown}
 j - 2 scrolls of silence {unknown}
 l - 2 scrolls of noise {unknown}
 n - a scroll of blinking {unknown}
 p - a scroll of vulnerability {unknown}
 q - a scroll of poison {unknown}
 y - a scroll of fog {unknown}
 C - a scroll of enchant armour {unknown}
Potions
 c - a potion of attraction
 d - a potion of heal wounds
 f - 2 potions of mutation {unknown}
 g - a potion of resistance {unknown}
 o - 2 potions of haste {unknown}
 s - a potion of brilliance {unknown}
 z - 2 potions of might {unknown}
 A - a potion of degeneration {unknown}
 B - 2 potions of lignification {unknown}
 D - a potion of curing {unknown}


   Skills:
 + Level 3.5 Fighting
 + Level 2.3 Short Blades
 + Level 2.3 Long Blades
 + Level 2.3 Axes
 + Level 2.3 Maces & Flails
 + Level 2.3 Polearms
 + Level 2.3 Staves
 + Level 2.3 Ranged Weapons
 + Level 10.7 Throwing
 + Level 2.3 Armour
 + Level 2.3 Dodging
 + Level 2.3 Stealth
 + Level 2.3 Shields
 + Level 7.0 Unarmed Combat
 + Level 2.3 Spellcasting
 + Level 1.9 Conjurations
 + Level 1.9 Hexes
 + Level 1.9 Summonings
 + Level 1.9 Necromancy
 + Level 1.9 Translocations
 + Level 1.9 Transmutations
 + Level 1.9 Fire Magic
 + Level 1.9 Ice Magic
 + Level 1.9 Air Magic
 + Level 1.9 Earth Magic
 + Level 1.9 Poison Magic
 + Level 2.6 Invocations
 + Level 3.5 Evocations


You had 10 spell levels left.
You didn't know any spells.
Your spell library contained the following spells:

 Spells                   Type           Power      Damage    Failure   Level
 Apportation              Tloc           12%        N/A       16%         1
 Lesser Beckoning         Tloc           12%        N/A       22%         2
 Gell's Gravitas          Tloc           6%         N/A       41%         3
 Teleport Other           Tloc           6%         N/A       41%         3
 Alistair's Intoxication  Tmut/Pois      4%         N/A       99%         5


Dungeon Overview and Level Annotations

Branches:
Dungeon (3/15)

Altars:
Cheibriados
Dithmenos
Gozag
The Shining One

Annotations:
D:4 Pikel


Innate Abilities, Weirdness & Mutations

You have very sharp teeth.
Your uncanny sense of smell can sniff out nearby items.
Your experience applies equally to all skills.


Message History

A lemure comes into view.
A lemure comes into view. x2
The ball python hisses angrily.
The lemure shouts!
You hear a shout!
You hear an angry hiss.
Pikel attacks as you move away! Pikel misses you.
Pikel attacks as you move away!
Pikel hits you with a +0 whip of freezing.
Pikel freezes you. Pikel attacks as you move away!
Pikel hits you with a +0 whip of freezing.
Pikel freezes you.
A lemure opens the door.
Pikel says, "You'll rust in Dis!"
Pikel closely misses you. Pikel attacks as you move away!
Pikel hits you with a +0 whip of freezing.
Pikel freezes you. Pikel attacks as you move away!
Pikel hits you with a +0 whip of freezing.
Pikel freezes you. Pikel attacks as you move away!
Pikel hits you with a +0 whip of freezing!
Pikel freezes you. Pikel attacks as you move away!
Pikel hits you with a +0 whip of freezing!
* * * LOW HITPOINT WARNING * * *
Pikel freezes you.
* * * LOW HITPOINT WARNING * * *
Pikel attacks as you move away!
Pikel hits you with a +0 whip of freezing.
* * * LOW HITPOINT WARNING * * *
Pikel freezes you.
* * * LOW HITPOINT WARNING * * *
Pikel says, "You'll rot in Tartarus!"
Pikel attacks as you move away! Pikel barely misses you.
Pikel attacks as you move away!
Pikel hits you with a +0 whip of freezing.
* * * LOW HITPOINT WARNING * * *
Pikel freezes you.
You die...

....##.........#..# .#
...##.........#..# ..#
###.##.........#..#######...#
...........###.#............#
.†#.##.....# #............).#
...[######.#####............#
'''#######.##................
....'...##.##.......#########
PPP.'._.##.##...@...#
....'...##.##...K...#
'''######..##.......#
................o...#
................5...#
..............##.######
.......##.......55....#
)......''.............+
##.....##.........5...#


You could see Pikel, 3 lemures and an orc.

Vanquished Creatures
  Sigmund (D:4)
  A phantom (D:4)
  Jessica (D:3)
  An iguana (D:4)
  Robin (D:2)
  10 gnolls
  3 adders (D:2)
  A worm (D:4)
  2 dart slugs
  2 orcs
  8 ball pythons
  3 endoplasms
  5 goblins
  11 hobgoblins
  5 kobolds
  A quokka (D:1)
  A bat (D:1)
  2 frilled lizards
  4 rats
63 creatures vanquished.

Notes
Turn   | Place    | Note
-------+----------+-------------------------------------------
     0 | D:1      | Reached skill level 10 in Throwing
     0 | D:1      | zazu2006 the Gnoll Wanderer began the quest for the Orb.
     0 | D:1      | zazu2006 set off with the following items: a +3 dagger, 3
                  | curare-tipped darts, a potion of attraction, a potion of
                  | heal wounds, a +0 leather armour.
     0 | D:1      | Reached XP level 1. HP: 17/17 MP: 1/1
   188 | D:1      | Reached XP level 2. HP: 20/23 MP: 2/2
   703 | D:2      | Reached XP level 3. HP: 28/28 MP: 3/3
   708 | D:2      | Reached skill level 1 in Invocations
   851 | D:2      | Reached skill level 1 in Short Blades
   851 | D:2      | Reached skill level 1 in Long Blades
   851 | D:2      | Reached skill level 1 in Axes
   851 | D:2      | Reached skill level 1 in Maces & Flails
   851 | D:2      | Reached skill level 1 in Polearms
   851 | D:2      | Reached skill level 1 in Staves
   851 | D:2      | Reached skill level 1 in Ranged Weapons
   851 | D:2      | Reached skill level 1 in Armour
   851 | D:2      | Reached skill level 1 in Dodging
   851 | D:2      | Reached skill level 1 in Stealth
   851 | D:2      | Reached skill level 1 in Shields
   851 | D:2      | Reached skill level 1 in Spellcasting
   860 | D:2      | Reached XP level 4. HP: 6/34 MP: 5/5
  1032 | D:2      | Found an opulent altar of Gozag.
  1161 | D:2      | Reached skill level 1 in Conjurations
  1161 | D:2      | Reached skill level 1 in Hexes
  1161 | D:2      | Reached skill level 1 in Summonings
  1161 | D:2      | Reached skill level 1 in Necromancy
  1161 | D:2      | Reached skill level 1 in Translocations
  1161 | D:2      | Reached skill level 1 in Transmutations
  1161 | D:2      | Reached skill level 1 in Fire Magic
  1161 | D:2      | Reached skill level 1 in Ice Magic
  1161 | D:2      | Reached skill level 1 in Air Magic
  1161 | D:2      | Reached skill level 1 in Earth Magic
  1161 | D:2      | Reached skill level 1 in Poison Magic
  1344 | D:2      | Noticed Robin
  1361 | D:2      | Killed Robin
  1702 | D:2      | Reached XP level 5. HP: 38/40 MP: 5/7
  1945 | D:3      | Noticed Jessica
  1956 | D:3      | Killed Jessica
  2254 | D:3      | Found a glowing golden altar of the Shining One.
  2402 | D:3      | You are sucked into a shaft and drop 1 floor!
  2587 | D:4      | Reached XP level 6. HP: 47/47 MP: 8/8
  2621 | D:4      | Found a snail-covered altar of Cheibriados.
  2625 | D:4      | Found a shadowy altar of Dithmenos.
  2626 | D:4      | Noticed Sigmund
  2644 | D:4      | Killed Sigmund
  2727 | D:4      | Reached XP level 7. HP: 30/52 MP: 10/10
  2818 | D:4      | Noticed Pikel
  2845 | D:4      | HP: 1/52 [Pikel/+0 whip of freezing (5)]
  2845 | D:4      | Slain by Pikel

Illustrated notes

Levels and vault maps discovered:
D:1:      dpeg_arrival_boxorama, layout_rooms
D:2:      layout_basic, basic_altar, uniq_robin
D:3:      layout_basic, lemuel_blue_sif_altar, nicolae_tso_swordbearing_angel,
          uniq_natasha, uniq_jessica
D:4:      layout_basic, marbit_many_paths, nemelex_dance_club_becter,
          nzn_hepliaklqana_mist_gate, mainiacjoe_overflow_big_doors,
          uniq_sigmund, uniq_pikel

Skill      XL: |  1  2  3  4  5  6 |
---------------+-------------------+-----
Throwing       | | 10.7
Invocations    | 1 2 |  2.6
Short Blades   | 1 2 |  2.3
Long Blades    | 1 2 |  2.3
Axes           | 1 2 |  2.3
Maces & Flails | 1 2 |  2.3
Polearms       | 1 2 |  2.3
Staves         | 1 2 |  2.3
Ranged Weapons | 1 2 |  2.3
Armour         | 1 2 |  2.3
Dodging        | 1 2 |  2.3
Stealth        | 1 2 |  2.3
Shields        | 1 2 |  2.3
Spellcasting   | 1 2 |  2.3
Conjurations   | 1 |  1.9
Hexes          | 1 |  1.9
Summonings     | 1 |  1.9
Necromancy     | 1 |  1.9
Translocations | 1 |  1.9
Transmutations | 1 |  1.9
Fire Magic     | 1 |  1.9
Ice Magic      | 1 |  1.9
Air Magic      | 1 |  1.9
Earth Magic    | 1 |  1.9
Poison Magic   | 1 |  1.9
Fighting       | 3 |  3.5
Evocations     | 3 |  3.5
Unarmed Combat | 7 |  7.0

Action                     |  1- 3 |  4- 6 |  7- 9 || total
---------------------------+-------+-------+-------++-------
  Melee: Dagger            |    29 |   135 |       ||   164
         Bite              |     3 |    20 |       ||    23
         Punch             |     2 |     3 |       ||     5
         Halberd           |       |    16 |       ||    16
  Throw: Dart              |    23 |    26 |       ||    49
         Throwing net      |       |     3 |       ||     3
   Stab: Invisible         |     2 |     4 |       ||     6
         Sleeping          |       |     3 |       ||     3
 Armour: Leather armour    |     3 |    35 |       ||    38
  Dodge: Dodged            |    20 |    65 |     3 ||    88
